 Dungeon Crawl Stone Soup version 0.26.0-16-gc1dbca0489 (webtiles) character file.

Game seed: 16401638725777232669

35 iamoutofideas the Chiller (level 3, 0/24 HPs)
             Began as a Demonspawn Ice Elementalist on Jan 22, 2021.
             Succumbed to an adder's poison
             ... on level 2 of the Dungeon.
             The game lasted 00:01:51 (1431 turns).

iamoutofideas the Chiller (DsIE)                    Turns: 1431, Time: 00:01:52

Health: 0/24       AC:  3    Str:  8    XL:     3   Next: 17%
Magic:  3/6        EV: 12    Int: 17    God:
Gold:   36         SH:  0    Dex: 13    Spells: 6/7 levels left

rFire    . . .     SeeInvis .   (no weapon)
rCold    . . .     Faith    .   (no shield)
rNeg     . . .     Spirit   .   a - +0 robe
rPois    .         Reflect  .   (no helmet)
rElec    .         Harm     .   (no cloak)
rCorr    .         Rampage  .   (no gloves)
Will     .....                  f - +0 pair of boots
Stlth    ++........             d - amulet of magic regeneration
HPRegen  0.08/turn              (no ring)
MPRegen  0.35/turn              (no ring)

@: lethally poisoned (0 -> -4), hasted, very quick
A: talons 1, miasma immunity
a: no special abilities


You were on level 2 of the Dungeon.
You visited 1 branch of the dungeon, and saw 2 of its levels.

You collected 36 gold pieces.

Inventory:

Armour
 a - a +0 robe (worn)
 f - a +0 pair of boots (worn)
 g - a +0 buckler
Jewellery
 d - an amulet of magic regeneration (around neck)
Scrolls
 c - a scroll of immolation {unknown}
 e - a scroll of identify {unknown}
 h - a scroll of teleportation {unknown}


   Skills:
 - Level 1.9 Dodging
 - Level 2.0 Stealth
 + Level 2.6 Spellcasting
 + Level 4.1 Ice Magic


You had 6 spell levels left.
You knew the following spells:

 Your Spells              Type           Power        Failure   Level
a - Freeze                Ice            64%          3%          1

Your spell library contained the following spells:

 Spells                   Type           Power        Failure   Level
 Frozen Ramparts          Ice            32%          10%         3
 Ozocubu's Armour         Ice            16%          10%         3
 Hailstorm                Conj/Ice       9%           61%         4
 Summon Ice Beast         Ice/Summ       9%           61%         4


Dungeon Overview and Level Annotations

Branches:
Dungeon (2/15)

Altars:


Innate Abilities, Weirdness & Mutations

You have sharp toenails.
You are immune to miasma.


Message History

* * * LOW HITPOINT WARNING * * *
You feel sick.
Unknown command.
Casting: Freeze (safe; 3% risk of failure)
Confirm with . or Enter, or press ? or * to list all spells.
Aiming: Freeze (safe; 3% risk of failure)
Press: ? - help, Shift-Dir - straight line, f/p - adder
Aim: an adder (almost dead, slow)
You freeze the adder.
You kill the adder!
An adder comes into view.
You have reached level 3!
Your experience leads to an increase in your attributes!
Increase (S)trength, (I)ntelligence, or (D)exterity?
You feel clever.
Your demonic ancestry asserts itself...
You feel immune to miasma.
It was a potion of haste.
You feel yourself speed up.
* * * LOW HITPOINT WARNING * * *
You feel sick.
You die...

....# # ...## ##. ...
#..#####.## #.........#
#. #.........#########..
#.............#.....#
..###.###.#............##
#.....)...@.............#
#####S....###...........#
.........# #...........#
####.#..## ##.........#
#..#..# ##...<..[##
#.##..# #..#......# #.
.<.. #..####.....#
#...... #.. .##.... #..
.# ##.


You could see an adder (wandering).

Vanquished Creatures
  An adder (D:2)
  2 ball pythons (D:1)
  5 goblins
  4 hobgoblins
  2 kobolds (D:1)
  5 bats (D:1)
  3 frilled lizards (D:1)
  2 rats (D:1)
24 creatures vanquished.

Vanquished Creatures (others)
  A bat (D:2)
1 creature vanquished.

Grand Total: 25 creatures vanquished

Notes
Turn   | Place    | Note
-------+----------+-------------------------------------------
     0 | D:1      | iamoutofideas the Demonspawn Ice Elementalist began the
                  | quest for the Orb.
     0 | D:1      | Reached XP level 1. HP: 13/13 MP: 3/3
   335 | D:1      | Gained mutation: You have sharp toenails. [demonic
                  | ancestry]
   335 | D:1      | Reached XP level 2. HP: 18/19 MP: 0/5
  1399 | D:2      | Reached skill level 4 in Ice Magic
  1428 | D:2      | Gained mutation: You are immune to miasma. [demonic
                  | ancestry]
  1428 | D:2      | Reached XP level 3. HP: 2/24 MP: 2/6
  1428 | D:2      | HP: 1/24 [poisoned by an adder]
  1431 | D:2      | Succumbed to an adder's poison

Illustrated notes

Levels and vault maps discovered:
D:1:      dpeg_arrival_boxes_within_box, layout_basic
D:2:      layout_rooms, elyvilon_altar_4, evilmike_ruin_ashenzari,
          uniq_crazy_yiuf_cottage

Skill      XL: |  1  2 |
---------------+-------+-----
Stealth        | 2 |  2.0
Ice Magic      | 4 |  4.1
Dodging        | |  1.9
Spellcasting   | |  2.6

Action                   || total
-------------------------++-------
Melee: Unarmed           ||    30
 Cast: Freeze            ||    37
  Use: Potion            ||     1
 Stab: Sleeping          ||     5
Armor: Robe              ||    13
Dodge: Dodged            ||    36
